 Dungeon Crawl Stone Soup version 0.17-a0-1951-g62301d3 (webtiles) character file.

19 Roadrunner the Sneak (level 2, -1/11 HPs)
             Began as a Felid Enchanter on Oct 2, 2015.
             Slain by a gnoll
             ... wielding a +0 club
              (10 damage)
             ... on level 1 of the Dungeon.
             The game lasted 00:11:18 (1205 turns).

Roadrunner the Sneak (Felid Enchanter)              Turns: 1205, Time: 00:11:18

Health: -1/11      AC:  1    Str:  4    XL:     2   Next: 55%
Magic:  4/6        EV: 18    Int: 16    God:
Gold:   35         SH:  0    Dex: 16    Spells: 2 memorised, 2 levels left
                                        Lives:  0   Deaths: 0

rFire  . . .     SeeInvis +       - Unarmed
rCold  . . .     Clarity  .     (armour unavailable)
rNeg   . . .     SustAt   .     (shield unavailable)
rPois  .         Gourm    .     (helmet unavailable)
rElec  .         Spirit   .     (cloak unavailable)
rCorr  .         Warding  .     (gloves unavailable)
rMut   .         Stasis   .     (boots unavailable)
MR     .....                    (no amulet)
Stlth  ++++......               (no ring)
                                (no ring)

@: quick, not resistant to hostile enchantments, stealthy
A: no armour, no weapons or thrown items, claws 1, fangs 3, see invisible,
carnivore 3, speed 1, shaggy fur 1, slow metabolism 1, sharp paws
a: no special abilities


You were on level 1 of the Dungeon.
You were very full.

You visited 1 branch of the dungeon, and saw 2 of its levels.

You collected 35 gold pieces.

Inventory:

Books
 a - a book of Maledictions

   Spells                             Type                      Level
   a - Corona                         Hexes                        1
   b - Ensorcelled Hibernation        Hexes/Ice                    2
   c - Confuse                        Hexes                        3
   d - Tukima's Dance                 Hexes                        3
   e - Dazzling Spray                 Conjuration/Hexes            3
Comestibles
 b - a meat ration
 c - a chunk of flesh


   Skills:
 - Level 2.6 Dodging
 * Level 5.0 Stealth
 + Level 1.2 Unarmed Combat
 - Level 2.0 Spellcasting
 + Level 4.7 Hexes


You had 2 spell levels left.
You knew the following spells:

 Your Spells              Type           Power        Failure   Level  Hunger
a - Corona                Hex            ###....      3%          1    #......
i - Ensorcelled Hibernat  Hex/Ice        #.....       14%         2    ###....


Dungeon Overview and Level Annotations

Branches:
Dungeon (2/15)

Altars:


Innate Abilities, Weirdness & Mutations

You cannot wear armour.
You are incapable of wielding weapons or throwing items.
You have sharp claws.
You have razor-sharp teeth.
You have supernaturally acute eyesight.
You are carnivorous and can eat meat at any time.
You cover ground quickly.
You are covered in fur (AC +1).
You have a slow metabolism.
Your sharp claws are effective at attacking unaware monsters.


Message History

Aiming: Ensorcelled Hibernation
Press: ? - help, Shift-Dir - straight line, f/p - gnoll
Aim: a gnoll, wielding a club (chance to defeat MR: 50%)
The gnoll looks drowsy...
The helpless gnoll fails to defend itself.
You claw the gnoll!
The gnoll is heavily wounded.
The gnoll completely misses you.
There is a stone staircase leading down here.
Casting: Ensorcelled Hibernation
Confirm with . or Enter, or press ? or * to list all spells.
Aiming: Corona
Press: ? - help, Shift-Dir - straight line, f/p - gnoll
Aim: a gnoll, wielding a club (heavily wounded, chance to defeat MR: 62%)
The gnoll is outlined in light.
You completely miss the gnoll.
The gnoll is heavily wounded.
The gnoll hits you with a club!
Ouch! That really hurt!
You die...

####.......#
#..........#
#..%..)....#
#...[......#
###..........###########
#..)....................
#.##.#.....g.###........
#..#.#....#...##........
#..#...@g...............
##.#....#.#...##........
#.#......#...##.....)..
#.#....###...##........
#†#....(......#..)...##
#.'.......#...##..####
###.......#(..###(.####
#.......#.....#......
#############..).....


You could see 2 gnolls.

Vanquished Creatures
  3 bats (D:1)
  A giant cockroach (D:1)
  2 hobgoblins
  A jackal (D:2)
  2 kobolds (D:1)
  4 goblins (D:1)
  4 rats (D:1)
17 creatures vanquished.

Notes
Turn   | Place    | Note
--------------------------------------------------------------
     0 | D:1      | Roadrunner the Felid Enchanter began the quest for the Orb.
     0 | D:1      | Reached XP level 1. HP: 7/7 MP: 4/4
   246 | D:1      | Reached XP level 2. HP: 9/11 MP: 6/6
   285 | D:1      | Learned a level 2 spell: Ensorcelled Hibernation
  1159 | D:1      | Reached skill level 5 in Stealth
  1205 | D:1      | Slain by a gnoll

Vault maps used:
D:1:      moated_graveyard_arrival
D:2:      serial_curves, eino_curves_04, eino_curves_02,
          minmay_rats_cheesy_pizza

Action                   || total
-------------------------++-------
Melee: Unarmed           ||    70
 Cast: Corona            ||    16
       Ensorcelled Hiber ||     4
  Use: Scroll            ||     5
       Potion            ||     1
 Stab: Sleeping          ||     4
  Eat: Chunk             ||     8
